 Dungeon Crawl Stone Soup version 0.26.1-11-gd32895ea62 (webtiles) character file.

Game seed: 16057380276402088708

56371 RepoMan the Thaumaturge (level 14, 101/101 HPs)
             Began as a Mummy Conjurer on July 25, 2021.
             Was a High Priest of Fedhas.
             Safely got out of the dungeon.
             The game lasted 03:20:35 (29167 turns).

RepoMan the Thaumaturge (Mummy Conjurer)           Turns: 29167, Time: 03:20:36

Health: 101/101    AC: 11    Str: 11    XL:     14   Next: 41%
Magic:  32/32      EV: 15    Int: 27    God:    Fedhas [*****.]
Gold:   1612       SH:  5    Dex: 11    Spells: 21/41 levels left

rFire    . . .     SeeInvis .   C - +5 sword of Power {vorpal}
rCold    + . .     Faith    .   (shield currently unavailable)
rNeg     + + +     Spirit   .   J - +1 acid dragon scales
rPois    ∞         Reflect  +   (no helmet)
rElec    .         Harm     .   b - +0 cloak
rCorr    +         Rampage  .   x - +1 pair of gloves
Will     +....                  m - +0 pair of boots
Stlth    +.........             l - amulet of reflection
HPRegen  0.26/turn              d - ring of protection from fire
MPRegen  0.23/turn              s - +6 ring of intelligence

@: no status effects
A: no potions, fire vulnerability, cold resistance 1, negative energy resistance
3, torment resistance, unbreathing, in touch with death 1
a: Renounce Religion, Wall of Briars, Grow Ballistomycete, Overgrow, Grow Oklob


You escaped.
You worshipped Fedhas.
Fedhas was extremely pleased with you.
You visited 4 branches of the dungeon, and saw 19 of its levels.
You also visited: Ice Cave.

You collected 1872 gold pieces.
You spent 260 gold pieces at shops.

Inventory:

Hand Weapons
 k - a +2 dagger of venom
 y - the +8 spear "Amidd" {vorpal, rElec Will+}
   (You found it on level 10 of the Dungeon)

   It inflicts extra damage upon your enemies.
   It insulates you from electricity.
   It affects your willpower, your defense against some magical effects.
 C - the +5 sword of Power (weapon) {vorpal}
   (You found it in an ice cave)

   It inflicts extra damage upon your enemies.
Missiles
 u - 4 throwing nets
 B - 2 curare-tipped darts (quivered)
Armour
 b - a +0 cloak (worn)
 m - a +0 pair of boots (worn)
 o - +0 ice dragon scales
 w - a +0 robe of cold resistance
 x - a +1 pair of gloves (worn)
 z - a +0 buckler
 D - a +0 tower shield of cold resistance
 J - +1 acid dragon scales (worn)
Jewellery
 c - an uncursed ring of protection from cold
 d - a ring of protection from fire (left hand)
 l - an amulet of reflection (around neck)
 s - a +6 ring of intelligence (right hand)
 A - an uncursed amulet of regeneration
 E - an uncursed ring of magical power
Wands
 a - a wand of enslavement (13)
 h - a wand of random effects (46)
 t - a wand of disintegration (11)
 v - a wand of iceblast (18)
 F - a wand of digging (3)
 G - a wand of acid (6)
 H - a wand of flame (25)
Scrolls
 e - 10 scrolls of remove curse
 f - 5 scrolls of immolation
 g - a scroll of teleportation
 i - 17 scrolls of identify
 j - 3 scrolls of amnesia
 n - a scroll of fog
 p - a scroll of magic mapping
 q - 2 scrolls of enchant weapon
 I - a scroll of brand weapon


   Skills:
 + Level 6.6 Fighting
 + Level 8.4 Dodging
 - Level 1.5 Stealth
 - Level 4.5 Shields
 + Level 14.2 Spellcasting
 * Level 14.1 Conjurations
 + Level 7.4 Invocations


You had 21 spell levels left.
You knew the following spells:

 Your Spells              Type           Power        Failure   Level
a - Stone Arrow           Conj/Erth      100%         1%          3
d - Dazzling Flash        Conj/Hex       100%         1%          3
e - Searing Ray           Conj           100%         1%          2
f - Fireball              Conj/Fire      27%          7%          5
g - Apportation           Tloc           38%          4%          1
m - Iskenderun's Mystic   Conj/Tloc      55%          2%          4
s - Animate Skeleton      Necr           56%          4%          1
z - Magic Dart            Conj           100%         0%          1

Your spell library contained the following spells:

 Spells                   Type           Power        Failure   Level
 Foxfire                  Conj/Fire      100%         1%          1
 Conjure Flame            Conj/Fire      55%          1%          3
 Fulminant Prism          Conj/Hex       27%          2%          4
 Sticky Flame             Conj/Fire      55%          2%          4
 Corona                   Hex            21%          4%          1
 Sandblast                Erth           38%          4%          1
 Summon Small Mammal      Summ           76%          4%          1
 Passwall                 Tmut/Erth      15%          7%          2
 Confusing Touch          Hex            19%          13%         3
 Gell's Gravitas          Tloc           9%           13%         3
 Ignite Poison            Fire/Tmut/Pois 19%          13%         3
 Inner Flame              Hex/Fire       19%          13%         3
 Starburst                Conj/Fire      27%          36%         6
 Petrify                  Tmut/Erth      19%          41%         4
 Lee's Rapid Deconstruct  Erth           9%           77%         5
 Metabolic Englaciation   Hex/Ice        9%           77%         5
 Yara's Violent Unravell  Hex/Tmut       9%           77%         5
 Ignition                 Fire           9%           100%        8


Dungeon Overview and Level Annotations

Branches:
Dungeon (11/15)            Temple (1/1) D:4            Lair (6/6) D:10
 Shoals (0/4) Lair:2        Snake (0/4) Lair:3        Slime (0/5) Lair:5
    Orc (1/2) D:10          IceCv (visited)

Altars:
Ashenzari
Dithmenos
Fedhas
Gozag
Makhleb
Nemelex Xobeh
Okawaru
Ru
Trog
Uskayaw
Vehumet
Wu Jian
Xom
Yredelemnul

Shops:
D:7 ?   D:8 *   Orc:1 [

Annotations:
Lair:4 1 runed translucent door, Bananafolds's ghost, journeyman MfSk


Innate Abilities, Weirdness & Mutations

You do not drink.
Your flesh is vulnerable to fire.
You are immune to poison.
Your flesh is cold resistant. (rC+)
You are immune to negative energy. (rN+++)
You are immune to unholy pain and torment.
You can survive without breathing.
You are in touch with the powers of death.


Message History

There is an open door here.
There is a stone staircase leading up here.
You climb upwards.
There is a stone staircase leading down here.
There is an open door here.
There is an open door here.
There is an open door here.
There is a stone staircase leading up here.
You climb upwards.
There is a stone staircase leading down here.
There is a stone staircase leading up here.
You climb upwards.
There is a stone staircase leading down here.
There is a stone staircase leading up here.
You climb upwards.
There is a stone staircase leading down here.
There is an open door here.
There is a staircase leading out of the dungeon here.
Are you sure you want to leave the Dungeon?
This will make you lose the game!
You have escaped!

####.########## #.#
.......### #.#
.........# #.#
...###.#.# #.# ...#
#.(.# #.# ...# ##..#
#######.# ...# #..#
#.....#.# ...# #..#
###.....#.# ..)## ##.#
#.+..@..'.# ....#
#.###.#.....#.#
....####..##.#.....#.#
....#........#######.#
....#........# #....#
###.#........# #.####
#.(........# #.#
###........# #.#
#........# #.#


There were no monsters in sight!

Vanquished Creatures
  A frost giant (IceCv)
  A fire dragon (Lair:6)
  3 hydras
  Erica (Lair:1)
  2 two-headed ogres
  A catoblepas (Lair:6)
  4 death yaks (Lair:5)
  Sonja (Lair:3)
  An unseen horror (D:10)
  A swamp dragon (Lair:6)
  Pikel (D:4)
  A wolf spider (Lair:6)
  A cyclops (D:9)
  2 centaur zombies
  10 elephants (Lair:6)
  13 black mambas
  A guardian serpent (Lair:6)
  10 cane toads
  2 ice statues (IceCv)
  A torpor snail (Lair:6)
  3 rime drakes (Lair:6)
  14 komodo dragons
  17 polar bears
  4 hornets
  A slime creature (Lair:5)
  A snapping turtle (Lair:2)
  Prince Ribbit (D:5)
  13 blink frogs
  15 wyverns
  A water elemental (D:11)
  2 vampires
  2 redbacks (Lair:6)
  48 yaks
  A basilisk (Lair:4)
  2 wraiths (D:11)
  3 steam dragons (Lair:6)
  An acid dragon (D:11)
  3 swamp worms (Lair:2)
  8 water moccasins
  3 swamp drakes
  An ice beast (D:7)
  7 orc warriors
  A sky beast (D:6)
  A black bear (D:10)
  8 ogres
  20 wolves
  The ghost of kthxbai the Insei, an amateur DsTm (D:3)
  2 centaurs
  3 lemures (D:4)
  3 big kobolds
  24 bullfrogs
  A wyvern zombie (D:11)
  2 scorpions
  15 killer bees
  6 wights
  An electric eel (D:11)
  A howler monkey (D:7)
  A crimson imp (D:8)
  A quasit (D:9)
  A bullfrog zombie (D:6)
  4 jellies
  12 orc priests
  5 hounds
  A bullfrog skeleton (D:10)
  9 orc wizards
  A centaur skeleton (D:7)
  7 iguanas
  6 worker ants
  4 hell rats (Lair:3)
  A killer bee zombie (D:9)
  2 hound skeletons
  A worker ant zombie (D:6)
  11 gnolls
  12 adders
  A shadow imp (D:5)
  2 white imps
  3 ufetubi
  An ooze (D:6)
  An adder zombie (D:7)
  An adder skeleton (D:5)
  4 worms
  6 dart slugs
  8 leopard geckos
  46 orcs
  2 ball pythons
  4 giant cockroaches
  9 hobgoblins
  19 jackals
  3 quokkas
  A ball python skeleton (D:4)
  5 bats
  5 frilled lizards
  A giant cockroach zombie (D:5)
  13 goblins
  A jackal skeleton (D:4)
  25 kobolds
  A leopard gecko skeleton (D:7)
  2 leopard gecko zombies (D:6)
  4 rats
  A ballistomycete spore (Lair:6)
546 creatures vanquished.

Vanquished Creatures (collateral kills)
  An unseen horror (D:10)
  A wolf spider (Lair:6)
  A komodo dragon (Lair:1)
  A polar bear (IceCv)
  A yak (IceCv)
  64 ballistomycete spores
69 creatures vanquished.

Vanquished Creatures (others)
  4 oklob plants (Lair:6)
  A komodo dragon (Lair:6)
  4 water moccasins (Lair:6)
  4 ballistomycete spores
  3 bushes (Lair:6)
  11 foxfires
  56 fungi
  133 plants
216 creatures vanquished.

Grand Total: 831 creatures vanquished

Notes
Turn   | Place    | Note
-------+----------+-------------------------------------------
     0 | D:1      | RepoMan the Mummy Conjurer began the quest for the Orb.
     0 | D:1      | Reached XP level 1. HP: 13/13 MP: 4/4
   377 | D:1      | Reached XP level 2. HP: 19/19 MP: 4/6
   380 | D:1      | Learned a level 2 spell: Searing Ray
  1025 | D:1      | Reached XP level 3. HP: 24/24 MP: 5/7
  2577 | D:2      | Reached XP level 4. HP: 30/30 MP: 2/9
  2820 | D:3      | Noticed kthxbai's ghost (amateur DsTm)
  2821 | D:3      | Found a runed translucent gate.
  2821 | D:3      | Found a runed translucent gate.
  2821 | D:3      | Found a runed translucent gate.
  2883 | D:3      | Killed kthxbai's ghost
  2884 | D:3      | Reached XP level 5. HP: 13/35 MP: 2/11
  3290 | D:3      | Reached skill level 5 in Conjurations
  3416 | D:3      | You fall into a shaft and drop 3 floors!
  3543 | D:6      | Reached XP level 6. HP: 33/41 MP: 4/13
  3630 | D:6      | Reached skill level 5 in Spellcasting
  3676 | D:5      | Entered Level 5 of the Dungeon
  3684 | D:5      | Noticed Prince Ribbit
  3695 | D:5      | Killed Prince Ribbit
  3696 | D:5      | Reached XP level 7. HP: 11/46 MP: 1/15
  4303 | D:4      | Noticed Pikel
  4503 | D:4      | Killed Pikel
  4504 | D:4      | Reached XP level 8. HP: 40/52 MP: 0/18
  4508 | D:4      | Learned a level 3 spell: Dazzling Flash
  4930 | D:3      | Found an opulent altar of Gozag.
  4930 | D:3      | Found a blossoming altar of Fedhas.
  4931 | D:3      | Found a broken altar of Ashenzari.
  4938 | D:3      | Became a worshipper of Fedhas Madash
  5142 | D:3      | You fall into a shaft and drop 1 floor!
  5267 | D:3      | Found a radiant altar of Vehumet.
  5727 | D:4      | Reached * piety under Fedhas
  5808 | D:4      | Found a hide-covered altar of Uskayaw.
  5935 | D:4      | Found a staircase to the Ecumenical Temple.
  5941 | Temple   | Entered the Ecumenical Temple
  6412 | D:5      | You fall into a shaft and drop 3 floors!
  6659 | D:8      | Reached XP level 9. HP: 48/57 MP: 17/21
  6702 | D:8      | Noticed a two-headed ogre
  6714 | D:8      | Killed a two-headed ogre
  6849 | D:7      | Reached skill level 1 in Invocations
  7004 | D:7      | Reached ** piety under Fedhas
  7135 | D:6      | Reached skill level 10 in Conjurations
  7579 | D:6      | Found a sparkling altar of Nemelex Xobeh.
  7711 | D:6      | Reached skill level 10 in Spellcasting
  7865 | D:6      | Reached XP level 10. HP: 63/63 MP: 19/24
  7881 | D:6      | Learned a level 4 spell: Iskenderun's Mystic Blast
  8509 | D:7      | Found an ornate altar of the Wu Jian Council.
  8749 | D:7      | Reached *** piety under Fedhas
  8894 | D:7      | Found a bloodstained altar of Trog.
  9013 | D:7      | Found Ovus's Magic Scroll Shoppe.
  9034 | D:7      | Bought a scroll of fog for 20 gold pieces
  9034 | D:7      | Bought a scroll of torment for 75 gold pieces
  9034 | D:7      | Bought a scroll of identify for 20 gold pieces
  9034 | D:7      | Bought a scroll of identify for 20 gold pieces
  9034 | D:7      | Bought a scroll of blinking for 75 gold pieces
  9034 | D:7      | Bought a scroll of identify for 20 gold pieces
  9034 | D:7      | Bought a scroll of identify for 20 gold pieces
  9034 | D:7      | Bought a scroll of random uselessness for 10 gold pieces
  9275 | D:8      | Found Giyhidum's Assorted Antiques.
  9445 | D:8      | Found a shadowy altar of Dithmenos.
  9473 | D:8      | Found a burning altar of Makhleb.
 10365 | D:9      | Found a basalt altar of Yredelemnul.
 10567 | D:9      | Noticed a cyclops
 10623 | D:9      | Killed a cyclops
 11316 | D:9      | Reached skill level 1 in Shields
 11316 | D:9      | Reached skill level 5 in Invocations
 11693 | D:9      | Found an iron altar of Okawaru.
 11773 | D:10     | Entered Level 10 of the Dungeon
 11870 | D:10     | Found a staircase to the Lair.
 11871 | D:10     | Found a sacrificial altar of Ru.
 11892 | D:10     | HP: 1/63 [something (9)]
 12062 | D:10     | Killed an unseen horror
 12112 | Lair:1   | Entered Level 1 of the Lair of Beasts
 12490 | Lair:1   | Reached XP level 11. HP: 68/68 MP: 16/25
 12884 | Lair:1   | Noticed Erica
 12897 | Lair:1   | Killed Erica
 13342 | Lair:2   | Noticed Sonja
 13508 | Lair:2   | Found a frozen archway.
 13516 | IceCv    | Entered an ice cave
 14263 | IceCv    | Learned a level 5 spell: Fireball
 14265 | IceCv    | Learned a level 1 spell: Foxfire
 15245 | IceCv    | Reached XP level 12. HP: 74/74 MP: 16/27
 15816 | IceCv    | Noticed a frost giant
 15875 | IceCv    | Killed a frost giant
 15876 | IceCv    | Reached skill level 5 in Dodging
 15993 | IceCv    | Found the +5 sword of Power {vorpal}
 16338 | Lair:2   | Found a staircase to the Shoals.
 17128 | Lair:2   | Reached **** piety under Fedhas
 17284 | Lair:2   | Reached skill level 1 in Fighting
 18200 | Lair:3   | Found a staircase to the Snake Pit.
 18806 | Lair:3   | Killed Sonja
 18820 | Lair:3   | Noticed a four-headed hydra
 18827 | Lair:3   | Killed a four-headed hydra
 19769 | Lair:4   | Found a runed translucent door.
 19769 | Lair:4   | Found a shimmering altar of Xom.
 19769 | Lair:4   | Noticed Bananafolds's ghost (journeyman MfSk)
 19770 | Lair:4   | Noticed a +1 quick blade of chaos
 20363 | Lair:5   | Noticed a death yak
 20386 | Lair:5   | Noticed a death yak
 20389 | Lair:5   | Noticed a death yak
 20392 | Lair:5   | Noticed a death yak
 20397 | Lair:5   | Killed a death yak
 20398 | Lair:5   | Gained mutation: You are in touch with the powers of death.
                  | [Mummy growth]
 20398 | Lair:5   | Reached XP level 13. HP: 86/86 MP: 8/29
 21002 | Lair:5   | Found a staircase to the Slime Pits.
 21034 | Lair:5   | Learned a level 1 spell: Animate Skeleton
 21036 | Lair:5   | Learned a level 1 spell: Apportation
 21469 | Lair:6   | Entered Level 6 of the Lair of Beasts
 22068 | Lair:6   | Reached ***** piety under Fedhas
 22247 | Lair:6   | Reached skill level 5 in Fighting
 23727 | Lair:6   | Reached XP level 14. HP: 77/99 MP: 28/31
 26030 | D:10     | Found a staircase to the Orcish Mines.
 26203 | D:10     | Learned a level 3 spell: Stone Arrow
 27252 | D:10     | Got a scorched spear
 27253 | D:10     | Identified the +8 spear "Amidd" {vorpal, rElec Will+} (You
                  | found it on level 10 of the Dungeon)
 28432 | Orc:1    | Entered Level 1 of the Orcish Mines
 28441 | Orc:1    | Found Atriclaoser's Armour Emporium.
 29167 | D:$      | Safely got out of the dungeon.

Illustrated notes

Levels and vault maps discovered:
D:1:      minmay_arrival_checkered_box, layout_basic, hangedman_feature_mirror
D:2:      wander_river, layout_basic
D:3:      layout_basic, overflow_temple_1_default,
          gammafunk_temple_overflow_claw, ebering_ghost_rock_garden
D:4:      layout_gridville, general_overflow_altar, minmay_temple_entry_fiery,
          minmay_ogre_servants, uniq_pikel
D:5:      layout_gridville, uniq_prince_ribbit1
D:6:      layout_gridville, lemuel_coloured_pillars_altar
D:7:      layout_rooms, old_standard_altar, marbit_many_paths, serial_shops,
          shop_statue
D:8:      layout_layer_cave, kennysheep_mini_moat, makhleb_grotto_becter,
          serial_shops, shop
D:9:      layout_basic, nicolae_overflow_hidden_temple,
          overflow_temple_1_default, palyth_stone_intersect
D:10:     layout_stronghold, lair_entry_dummy, erik_orc_1,
          nicolae_ru_path_of_blood
D:11:     layout_basic
Temple:   jpeg_temple_alley_garden
Lair:1:   layout_gridlike, uniq_erica
Lair:2:   layout_layer_cave, minmay_shoals_entry_hut,
          portal_ice_cave_entry_pillars_2, worms_lemuel, lemuel_fruit_tree,
          uniq_sonja
Lair:3:   layout_regular_city, dummy_snake_entry, serial_rivers,
          chequers_serial_rivers_micro_b, chequers_serial_rivers_marsh,
          chequers_serial_rivers_large_b, chequers_serial_rivers_marsh
Lair:4:   layout_cave_pods, ebering_ghost_xom, minivault_19
Lair:5:   beast_lair_carwin_large_1, layout_concentric_octagons,
          minmay_slime_entry_pillars, lemuel_fruit_fields
Lair:6:   guppyfry_lair_end_dragon, layout_small_grid,
          hangedman_lair_tendril_chambers, dpeg_oklob_1
Orc:1:    layout_diamond_mine, serial_shops, shop_fountains

Skill      XL: |  1  2  3  4  5  6  7  8  9 10 11 12 13 14 |
---------------+-------------------------------------------+-----
Spellcasting   | 3 4 5 7 8 10 11 12 13 14 | 14.2
Conjurations   | 4 5 6 7 8 10 11 12 13 14 | 14.1
Invocations    | 2 5 6 7 |  7.4
Dodging        | 3 4 6 7 8 |  8.4
Shields        | 2 4 |  4.5
Fighting       | 3 5 6 |  6.6
Stealth        | |  1.5

Action                   |  1- 3 |  4- 6 |  7- 9 | 10-12 | 13-15 || total
-------------------------+-------+-------+-------+-------+-------++-------
Melee: Dagger            |     7 |       |       |    28 |    20 ||    55
       Short sword       |       |     3 |    15 |     5 |       ||    23
       Spear             |       |       |       |       |     8 ||     8
Throw: Dart              |       |       |       |     5 |       ||     5
       Throwing net      |       |       |       |     1 |       ||     1
 Cast: Magic Dart        |    68 |    17 |    27 |    51 |    51 ||   214
       Searing Ray       |    10 |    20 |    69 |   178 |   130 ||   407
       Iskenderun's Myst |       |       |       |    35 |    61 ||    96
       Fireball          |       |       |       |    23 |     5 ||    28
       Foxfire           |       |       |       |     8 |       ||     8
       Apportation       |       |       |       |       |     6 ||     6
Invok: Wall of Briars    |       |       |       |    10 |     7 ||    17
       Grow Ballistomyce |       |       |       |     4 |     9 ||    13
Evoke: Wand              |       |       |       |     6 |    20 ||    26
  Use: Scroll            |       |     5 |     1 |    13 |    12 ||    31
 Stab: Sleeping          |       |       |     2 |       |       ||     2
Armor: Robe              |     4 |     2 |     8 |    31 |    37 ||    82
       Acid dragon scale |       |       |       |       |     2 ||     2
Dodge: Dodged            |    10 |    10 |    38 |    93 |   116 ||   267
Block: Other             |       |     5 |    17 |    14 |       ||    36
       Reflection        |       |       |     2 |     3 |    15 ||    20
       Buckler           |       |       |       |    80 |   105 ||   185
